Zazza, neutral female human Wizard --------------- |.............| ----- |..............##########------- -------- |.[[| |.............| ##-.....| |......| |..$| |...<..........#### ##|.....| |......| --|-- |.............| ####|.....| # |_.....| ## -----|--------- # #|.....|##########...{...| # # ### #|......# # |......@% ### # # #-------# # --------q # # ### ######### # # ### # # ### # # # # ### # # # # # # # # ####### # # ### # ---.---------# #--|-|-# # # |............# #.....|# ### # |....>......| |....|# # -.---------- |...........| |.....# #%-..........| |...........| ------ |..........| ------------- ------------ Zazza the Conjurer Experience level: 3 Strength: 11 Dexterity: 15 Constitution: 18 Intelligence: 18 Wisdom: 10 Charisma: 10 Health: 0(32) Energy: 5(24) Def: 0 Gold: 0 Moves: 1550 Dungeon seed: PADkB2OFUEv_WzFc Game ID: Zazza_1577187176 Your Inventory: Weapons a - a blessed +1 quarterstaff o - a +0 orcish dagger p - 14 +0 darts C - a +0 elven dagger Armor e - an uncursed +0 cloak of magic resistance r - an uncursed +0 orcish helm N - a cursed -1 helm of opposite alignment Y - an uncursed +0 elven mithril-coat Comestibles v - 2 uncursed candy bars B - an uncursed tripe ration D - an uncursed rothe corpse Scrolls i - a blessed scroll of genocide j - an uncursed scroll of remove curse k - a blessed scroll of enchant armor s - an uncursed scroll of identify A - an uncursed scroll of enchant weapon Spellbooks l - a blessed spellbook of force bolt m - an uncursed spellbook of create monster Potions f - an uncursed potion of polymorph h - an uncursed potion of enlightenment z - an uncursed potion of confusion Rings c - an uncursed ring of shock resistance (on left hand) d - an uncursed ring of sustain ability w - an uncursed ring of levitation Wands b - a wand of probing (0:7) Tools n - an uncursed blindfold u - an uncursed bell Gems q - 2 uncursed worthless pieces of yellow glass y - an uncursed jasper stone Spells and supernatural/magical abilities: Name Level Category Fail Memory a - force bolt 1 attack 0% 93% O - create monster 2 clerical 53% 93% W - pray for help -- divine ? -- Your skills at the end: Fighting Skills Weapon Skills quarterstaff [Basic] Spellcasting Skills attack spells [Basic] enchantment spells [Basic] Final Attributes: You were piously aligned. You were shock resistant. You are dead. Vanquished creatures: a floating eye 2 rothes a wererat an acid blob a hobbit a large kobold a yellow mold 2 jackals a kobold a goblin a sewer rat a grid bug 2 lichens 4 newts 20 creatures vanquished. Voluntary challenges: You used a wielded weapon 15 times, starting on turn 292. You were illiterate. You never genocided any monsters. You never polymorphed an object. You never changed form. You used no wishes. You never split a pudding. You never wrote Elbereth's name. You never violated your personal moral code. Dungeon overview: The Dungeons of Doom: levels 1 to 6 Level 1 a long staircase Level 2 some fountains, a sink Level 3 a fountain Level 4 Level 6 <- You were here an armor shop, an altar to Thoth, a fountain History has recorded: On T:1 you entered the Dungeons of Doom to retrieve the Amulet of Yendor! On T:358 you reached level 2 of The Dungeons of Doom. On T:512 you advanced to experience level 2. On T:701 you reached level 3 of The Dungeons of Doom. On T:1079 you reached level 4 of The Dungeons of Doom. On T:1182 you reached level 6 of The Dungeons of Doom. On T:1375 you advanced to experience level 3. Score breakdown: Gold: 0 ( 0 points) Experience: 3 levels ( 7878 points) Exploration: 6 levels ( 11.76%) ( 9486 points) Discoveries: 1 item ( 0.35%) ( 1770 points) Valuables value: (no points given unless you survive) Artifact value: 0 ( 0 points) Variety of kills: 14 monsters ( 3.67%) ( 5750 points) Turncount: 1550 turns ( 0 points) Survival: died (score multiplied by 80%) Total score: 19907 Latest messages: You begin praying to Thoth. You are surrounded by a shimmering light. The rothe starts to attack you, but pulls back. (2x) You feel that Thoth is well-pleased. You feel much better. The rothe hits! The rothe bites! (2x) You don't have enough energy to cast that spell. You don't have enough energy to cast that spell. You begin bashing monsters with your bare hands. You miss the rothe. You hit the rothe. The rothe hits! The rothe bites! (2x) You miss the rothe. The rothe hits! The rothe bites! (2x) The rothe hits! The rothe bites! (2x) You hit the rothe. (2x) The rothe hits! You die... Final status: Goodbye Zazza the Wizard, killed by a rothe... You died in The Dungeons of Doom on dungeon level 6 with 19907 points, and 0 pieces of gold, after 1550 moves. You were level 3 with a maximum of 32 hit points when you died.